 Dungeon Crawl Stone Soup version 0.30-a0-241-g1121274140 (webtiles) character file.

Game seed: 2208169021190043470

344 gzilladon the Shield-Bearer (level 6, 0/53 HPs)
             Began as a Gnoll Fighter on Oct 10, 2022.
             Killed by divine providence
             ... invoked by an orc priest
              (11 damage)
             ... on level 4 of the Dungeon.
             The game lasted 00:06:57 (2374 turns).

gzilladon the Shield-Bearer (Gnoll Fighter)         Turns: 2374, Time: 00:06:59

Health: 0/53       AC: 10    Str: 17    XL:     6   Next: 58%
Magic:  9/9        EV: 13    Int:  8    God:
Gold:   209        SH:  5    Dex: 11    Spells: 9/9 levels left

rFire   . . .      SeeInvis .    a - +0 war axe
rCold   . . .      Faith    .    c - +0 buckler
rNeg    . . .      Spirit   .    b - +0 scale mail
rPois   .          Reflect  .    l - +1 helmet
rElec   .          Harm     .    (no cloak)
rCorr   .          Rampage  .    (no gloves)
Will    .....                    (no boots)
Stlth   ..........               (no amulet)
HPRegen 0.28/turn                o - +4 ring of evasion
MPRegen 0.11/turn                (no ring)

@: no status effects
A: fangs 1, strong nose, distributed training
a: no special abilities


You were on level 4 of the Dungeon.
You visited 1 branch of the dungeon, and saw 4 of its levels.

You collected 209 gold pieces.

Inventory:

Hand Weapons
 a - a +0 war axe (weapon)
Missiles
 e - 20 stones (quivered)
 m - 5 boomerangs
Armour
 b - a +0 scale mail (worn)
 c - a +0 buckler (worn)
 l - a +1 helmet (worn)
Magical Staves
 p - a staff of earth
Jewellery
 o - a +4 ring of evasion (left hand)
 t - a +4 ring of evasion
Wands
 k - a wand of digging (3)
Scrolls
 f - a scroll of amnesia {unknown}
 g - a scroll of immolation {unknown}
 i - 4 scrolls of identify {unknown}
 s - a scroll of poison {unknown}
Potions
 h - a potion of invisibility {unknown}
 j - 3 potions of curing {unknown}
 n - a potion of resistance {unknown}
 q - a potion of brilliance {unknown}
 r - a potion of heal wounds {unknown}


   Skills:
 + Level 6.9 Fighting
 + Level 2.1 Short Blades
 + Level 2.1 Long Blades
 + Level 5.0 Axes
 + Level 2.1 Maces & Flails
 + Level 2.1 Polearms
 + Level 2.1 Staves
 + Level 2.1 Ranged Weapons
 + Level 2.1 Throwing
 + Level 6.9 Armour
 + Level 2.1 Dodging
 + Level 2.1 Stealth
 + Level 6.9 Shields
 + Level 2.1 Unarmed Combat
 + Level 2.1 Spellcasting
 + Level 1.6 Conjurations
 + Level 1.6 Hexes
 + Level 1.6 Summonings
 + Level 1.6 Necromancy
 + Level 1.6 Translocations
 + Level 1.6 Transmutations
 + Level 1.6 Fire Magic
 + Level 1.6 Ice Magic
 + Level 1.6 Air Magic
 + Level 1.6 Earth Magic
 + Level 1.6 Poison Magic
 + Level 2.3 Invocations
 + Level 2.1 Evocations


You had 9 spell levels left.
You didn't know any spells.
Your spell library contained the following spells:

 Spells                   Type           Power      Damage    Failure   Level
 Apportation              Tloc           6%         N/A       56%         1
 Necrotise                Necr           12%        1d4       56%         1
 Summon Small Mammal      Summ           12%        N/A       56%         1
 Call Canine Familiar     Summ           3%         N/A       90%         3
 Gell's Gravitas          Tloc           3%         N/A       90%         3
 Lesser Beckoning         Tloc           6%         N/A       90%         3
 Portal Projectile        Hex/Tloc       6%         N/A       90%         3
 Teleport Other           Tloc           3%         N/A       90%         3
 Leda's Liquefaction      Hex/Erth       1%         N/A       100%        4
 Summon Forest            Summ/Tloc      1%         N/A       100%        5
 Eringya's Noxious Bog    Tmut/Pois      1%         N/A       100%        6
 Summon Hydra             Summ           1%         N/A       100%        7


Dungeon Overview and Level Annotations

Branches:
Dungeon (3/15)

Altars:
Gozag


Innate Abilities, Weirdness & Mutations

You have very sharp teeth.
Your uncanny sense of smell can sniff out nearby items.
Your experience applies equally to all skills.


Message History

You hear some strange, mumbled words.
You are confused.
You completely miss something. Something hits you.
You bump into the rock wall.
Something hits you but does no damage.
You closely miss something. Something hits you but does no damage.
You bump into the rock wall.
Something hits you.
The endoplasm jiggles.
You completely miss something. Your bite misses something.
Something barely misses you. Something hits you.
You bump into the rock wall.
Something hits you but does no damage.
You miss something. Your bite misses something.
You feel less confused.
An orc wizard appears from thin air!
Reactivating autopickup.
The orc wizard closely misses you.
You slash the orc wizard!
You kill the orc wizard!
You slash the orc!
You kill the orc!
You slash the endoplasm!
You kill the endoplasm!
You barely miss the orc. The orc hits you but does no damage.
You closely miss the orc. Your bite misses the orc.
The orc hits you but does no damage.
You barely miss the orc. Your bite misses the orc.
The orc closely misses you. x2
You closely miss the orc. The orc misses you.
You slash the orc!
You kill the orc!
The orc priest mumbles some strange prayers to Beogh against you.
Pain shoots through your body!
The orc priest hits you but does no damage.
Items here: ))) [ †.
You barely miss the orc priest. You bite the orc priest.
The orc priest is lightly wounded.
The orc priest invokes the aid of Beogh against you.
Beogh smites you!
* * * LOW HITPOINT WARNING * * *
The orc priest mumbles some strange prayers to Beogh against you.
Beogh smites you!
You die...

##########
#..o@....#
##########.########
#..........#####
#.##.......##>.#
###.###......##..#
∆
#.....#..........#
#.#.#######...†o.#
#.._..# #......#
###.#.#####.....o##


You could see an orc priest.

Vanquished Creatures
  Sigmund (D:3)
  A jelly (D:4)
  An orc wizard (D:4)
  Robin (D:2)
  4 gnolls
  An adder (D:3)
  2 worms (D:2)
  A dart slug (D:4)
  2 orcs (D:4)
  4 ball pythons
  9 endoplasms
  2 giant cockroaches
  11 goblins
  8 hobgoblins
  2 jackals (D:2)
  3 quokkas
  4 bats
  3 frilled lizards
  3 kobolds (D:1)
  5 rats
68 creatures vanquished.

Notes
Turn   | Place    | Note
-------+----------+-------------------------------------------
     0 | D:1      | gzilladon the Gnoll Fighter began the quest for the Orb.
     0 | D:1      | Reached XP level 1. HP: 23/23 MP: 1/1
    42 | D:1      | Reached XP level 2. HP: 15/29 MP: 2/2
   181 | D:1      | Reached XP level 3. HP: 31/35 MP: 3/3
   505 | D:1      | Reached skill level 1 in Invocations
   932 | D:2      | Noticed Robin
   937 | D:2      | Reached skill level 1 in Short Blades
   937 | D:2      | Reached skill level 1 in Long Blades
   937 | D:2      | Reached skill level 1 in Maces & Flails
   937 | D:2      | Reached skill level 1 in Polearms
   937 | D:2      | Reached skill level 1 in Staves
   937 | D:2      | Reached skill level 1 in Ranged Weapons
   937 | D:2      | Reached skill level 1 in Throwing
   937 | D:2      | Reached skill level 1 in Dodging
   937 | D:2      | Reached skill level 1 in Stealth
   937 | D:2      | Reached skill level 1 in Unarmed Combat
   937 | D:2      | Reached skill level 1 in Spellcasting
   937 | D:2      | Reached skill level 1 in Evocations
   949 | D:2      | Killed Robin
   950 | D:2      | Reached XP level 4. HP: 11/41 MP: 5/5
  1073 | D:2      | Found a faded altar of an unknown god.
  1293 | D:2      | Reached skill level 1 in Conjurations
  1293 | D:2      | Reached skill level 1 in Hexes
  1293 | D:2      | Reached skill level 1 in Summonings
  1293 | D:2      | Reached skill level 1 in Necromancy
  1293 | D:2      | Reached skill level 1 in Translocations
  1293 | D:2      | Reached skill level 1 in Transmutations
  1293 | D:2      | Reached skill level 1 in Fire Magic
  1293 | D:2      | Reached skill level 1 in Ice Magic
  1293 | D:2      | Reached skill level 1 in Air Magic
  1293 | D:2      | Reached skill level 1 in Earth Magic
  1293 | D:2      | Reached skill level 1 in Poison Magic
  1746 | D:3      | Reached XP level 5. HP: 33/47 MP: 5/7
  2114 | D:3      | Noticed Sigmund
  2138 | D:3      | Killed Sigmund
  2139 | D:3      | Reached skill level 5 in Axes
  2139 | D:3      | Reached XP level 6. HP: 23/53 MP: 7/9
  2259 | D:3      | You fall into a shaft and drop 1 floor!
  2260 | D:4      | Found an opulent altar of Gozag.
  2374 | D:4      | Killed from afar by an orc priest

Illustrated notes

Levels and vault maps discovered:
D:1:      lemuel_arrival_hallway, layout_loops_ring, minmay_heptomino_h4
D:2:      layout_basic, shapermc_ecumenical_altar_mp_vishouse, uniq_robin
D:3:      layout_basic, uniq_crazy_yiuf_cottage, uniq_sigmund
D:4:      layout_basic, tgw_xom, marbit_many_paths,
          nicolae_gozag_cash_rules_everything_around_me, temple_pool_b,
          dreamdust_wishing_well

Skill      XL: |  1  2  3  4  5 |
---------------+----------------+-----
Invocations    | 1 2 |  2.3
Short Blades   | 1 2 |  2.1
Long Blades    | 1 2 |  2.1
Maces & Flails | 1 2 |  2.1
Polearms       | 1 2 |  2.1
Staves         | 1 2 |  2.1
Ranged Weapons | 1 2 |  2.1
Throwing       | 1 2 |  2.1
Dodging        | 1 2 |  2.1
Stealth        | 1 2 |  2.1
Unarmed Combat | 1 2 |  2.1
Spellcasting   | 1 2 |  2.1
Evocations     | 1 2 |  2.1
Conjurations   | 1 |  1.6
Hexes          | 1 |  1.6
Summonings     | 1 |  1.6
Necromancy     | 1 |  1.6
Translocations | 1 |  1.6
Transmutations | 1 |  1.6
Fire Magic     | 1 |  1.6
Ice Magic      | 1 |  1.6
Air Magic      | 1 |  1.6
Earth Magic    | 1 |  1.6
Poison Magic   | 1 |  1.6
Axes           | 5 |  5.0
Fighting       | |  6.9
Armour         | |  6.9
Shields        | |  6.9

Action                   |  1- 3 |  4- 6 || total
-------------------------+-------+-------++-------
Melee: War axe           |    94 |   103 ||   197
       Bite              |     7 |     8 ||    15
  Use: Potion            |       |     1 ||     1
Armor: Scale mail        |    52 |    45 ||    97
Dodge: Dodged            |    53 |    56 ||   109
Block: Buckler           |    36 |    19 ||    55

Table legend: (Time is in decaauts)
 A = Elapsed time spent in this place.
 B = Non-inter-level travel time spent in this place.
 C = Inter-level travel time spent in this place.
 D = Time resting spent in this place.
 E = Time spent auto-exploring this place.
 F = Levels seen in this place.
 G = Mean time per level.
                   A        B        C        D        E       F      G
               +--------+--------+--------+--------+--------+-----+--------+
         Total |   2433 |   2041 |    392 |    565 |      0 |   4 |  608.2 |
       Dungeon |   2433 |   2041 |    392 |    565 |      0 |   4 |  608.2 |
               +--------+--------+--------+--------+--------+-----+--------+

Top non-repeatable levels by time:
     D:1: 932 daAuts
     D:2: 825 daAuts
     D:3: 551 daAuts
     D:4: 123 daAuts
